 Dungeon Crawl Stone Soup version 0.30-a0-377-g5cb311bc9f (webtiles) character file.

Game seed: 7406663318023480956

24006 stonewall the Thaumaturge (level 12, -8/71 HPs)
             Began as a Deep Elf Fire Elementalist on Nov 29, 2022.
             Was an Elder of Vehumet.
             Mangled by a seven-headed hydra (13 damage)
             ... on level 3 of the Lair of Beasts.
             The game lasted 00:27:06 (14870 turns).

stonewall the Thaumaturge (DEFE)                   Turns: 14870, Time: 00:27:06

Health: -8/71      AC: 13    Str:  5    XL:     12   Next: 76%
Magic:  26/31      EV: 16    Int: 36    God:    Vehumet [****..]
Gold:   784        SH:  7    Dex: 15    Spells: 11/38 levels left

rFire   . . .      SeeInvis .    S - staff of conjuration
rCold   . . .      Faith    .    y - +2 buckler
rNeg    + . .      Spirit   .    D - +3 robe of the Garden {rN+ Will+ Int+4}
rPois   .          Reflect  .    m - +2 helmet
rElec   .          Harm     .    H - +0 cloak
rCorr   .          Rampage  .    n - +2 pair of gloves
Will    +++..                    l - +0 pair of boots
Stlth   +++.......               (no amulet)
HPRegen 0.31/turn                F - ring of Wiefoll {Int+6 Slay+2}
MPRegen 0.22/turn                V - ring of willpower

@: hasted, very quick
A: no striking features
a: Renounce Religion


You were on level 3 of the Lair of Beasts.
You worshipped Vehumet.
Vehumet was greatly pleased with you.
You visited 2 branches of the dungeon, and saw 13 of its levels.
You also visited: Ossuary.

You collected 960 gold pieces.
You spent 176 gold pieces at shops.

Inventory:

Hand Weapons
 f - a +0 spear
 g - a +2 short sword of freezing
 v - a +2 scythe of pain
 A - a -1 demon whip of venom
 J - a +4 flail of protection
Armour
 a - a +0 robe
 c - the +2 robe of Summertime {rF+ Will+}
   (You bought it in a shop on level 8 of the Dungeon)

   rF:        It protects you from fire.
   Will:      It increases your willpower.
 l - a +0 pair of boots (worn)
 m - a +2 helmet (worn)
 n - a +2 pair of gloves (worn)
 y - a +2 buckler (worn)
 D - the +3 robe of the Garden (worn) {rN+ Will+ Int+4}
   (You found it on level 5 of the Dungeon)

   Int:       It affects your intelligence (+4).
   rN:        It protects you from negative energy.
   Will:      It increases your willpower.
 H - a +0 cloak (worn)
 I - a +3 leather armour of cold resistance
 K - +0 steam dragon scales
 L - an orb of wrath
Magical Staves
 E - a staff of earth
 O - a staff of cold
 S - a staff of conjuration (weapon)
Jewellery
 F - the ring of Wiefoll (left hand) {Int+6 Slay+2}
   (You acquired it on level 8 of the Dungeon)

   [ring of intelligence]

   Int:       It affects your intelligence (+6).
   Slay:      It affects your accuracy & damage with ranged weapons and melee
   (+2).
 G - a ring of protection from fire
 M - a ring of flight
 P - a ring of poison resistance
 V - a ring of willpower (right hand)
Wands
 x - a wand of mindburst (7)
 N - a wand of polymorph (13)
Scrolls
 e - 2 scrolls of vulnerability
 h - 4 scrolls of teleportation
 i - a scroll of silence
 k - 4 scrolls of enchant armour
 s - 2 scrolls of identify
 z - 3 scrolls of fear
 B - 2 scrolls of poison
 C - 2 scrolls of magic mapping
 R - a scroll of butterflies {unknown}
 T - a scroll of amnesia
Potions
 b - 3 potions of magic
 d - 6 potions of lignification
 j - a potion of resistance {unknown}
 o - 12 potions of curing
 p - 4 potions of attraction
 q - 2 potions of degeneration {unknown}
 r - 2 potions of brilliance
 t - 2 potions of ambrosia {unknown}
 u - 4 potions of haste
 w - a potion of might {unknown}
 Q - a potion of heal wounds {unknown}
 U - a potion of mutation {unknown}


   Skills:
 - Level 6.5 Fighting
 - Level 1.7 Short Blades
 - Level 9.8 Dodging
 - Level 5.0 Stealth
 - Level 5.0 Shields
 - Level 13.7 Spellcasting
 - Level 7.0 Conjurations
 + Level 8.5 Fire Magic
 - Level 10.1 Air Magic


You had 11 spell levels left.
You knew the following spells:

 Your Spells              Type           Power      Damage    Failure   Level
a - Foxfire               Conj/Fire      100%       2x1d9     1%          1
b - Scorch                Fire           100%       2d10      1%          2
c - Kindle Blastsparks    Fire/Tloc/Air  100%       2d18      1%          3
d - Flame Wave            Conj/Fire      88%        2d19      1%          4
e - Swiftness             Air            78%        N/A       1%          3
f - Sticky Flame          Conj/Fire      88%        2d10      1%          4
g - Blink                 Tloc           48%        N/A       3%          2
h - Airstrike             Air            39%        2d(6-22)  1%          4
i - Dispel Undead         Necr           24%        3d12      21%         4

Your spell library contained the following spells:

 Spells                   Type           Power      Damage    Failure   Level
 Olgreb's Toxic Radiance  Pois           24%        N/A       5%          4
 Beastly Appendage        Tmut           48%        N/A       1%          1
 Freeze                   Ice            96%        1d10      1%          1
 Kiss of Death            Conj/Necr      100%       2d13      1%          1
 Necrotise                Necr           96%        1d8       1%          1
 Shock                    Conj/Air       100%       1d9       1%          1
 Slow                     Hex            96%        N/A       1%          1
 Frozen Ramparts          Ice            48%        1d8       1%          3
 Hailstorm                Conj/Ice       66%        3d14      1%          3
 Inner Flame              Hex/Fire       53%        N/A       1%          3
 Wereblood                Tmut           24%        N/A       3%          2
 Confusing Touch          Hex            24%        N/A       6%          3
 Spider Form              Tmut/Pois      24%        N/A       6%          3
 Tukima's Dance           Hex            24%        N/A       6%          3
 Vampiric Draining        Necr           24%        2d7       6%          3
 Yara's Violent Unravell  Hex/Tmut       12%        3d7       16%         5
 Anguish                  Hex/Necr       12%        N/A       21%         4
 Manifold Assault         Tloc           24%        N/A       21%         4
 Passage of Golubria      Tloc           24%        N/A       21%         4
 Agony                    Necr           24%        N/A       50%         5
 Summon Forest            Summ/Tloc      12%        N/A       50%         5
 Eringya's Noxious Bog    Tmut/Pois      12%        N/A       58%         6
 Storm Form               Tmut/Air       28%        N/A       91%         7
 Enfeeble                 Hex            12%        N/A       100%        7
 Summon Hydra             Summ           12%        N/A       100%        7


Dungeon Overview and Level Annotations

Branches:
Dungeon (10/15)            Temple (0/1) D:7            Lair (3/5) D:8
 Shoals (0/4) Lair:3       Spider (0/4) Lair:3          Orc (0/2) D:9
Ossuary (visited)

Altars:
Ashenzari
Elyvilon
Fedhas
Gozag
Makhleb
Vehumet
Wu Jian
Xom
The Shining One

Shops:
D:8 *

Annotations:
Lair:3 1 transporter, Aretou's ghost, journeyman TrHW


Message History

The flame wave engulfs the moth of wrath!
The moth of wrath is lightly wounded.
You block the seven-headed hydra's attack. x2
The seven-headed hydra completely misses you.
The seven-headed hydra closely misses you.
The seven-headed hydra bites you! The seven-headed hydra misses you. x2
The four-headed hydra bites you!
The four-headed hydra closely misses you.
You block the four-headed hydra's attack.
The four-headed hydra bites you!
Unknown command.
Unknown command.
Unknown command.
A wave of flame ripples out!
The flame wave engulfs the four-headed hydra!
The four-headed hydra is moderately wounded.
The flame wave engulfs the seven-headed hydra!!
The seven-headed hydra is moderately wounded.
The flame wave engulfs the basilisk!!
The basilisk is severely wounded.
The flame wave engulfs the moth of wrath!
The moth of wrath is moderately wounded.
The flame wave engulfs Aretou's ghost!
Aretou's ghost is lightly damaged.
The flame wave engulfs the rime drake!!
You kill the rime drake!
Vehumet accepts your kill.
You feel your power returning.
The flame wave engulfs the bullfrog!!
The bullfrog is almost dead.
The flame wave engulfs the blink frog!
The blink frog is heavily wounded.
The seven-headed hydra bites you!
* * * LOW HITPOINT WARNING * * *
The seven-headed hydra closely misses you.
The seven-headed hydra misses you. The seven-headed hydra bites you!
* * * LOW HITPOINT WARNING * * *
The seven-headed hydra bites you!
* * * LOW HITPOINT WARNING * * *
The seven-headed hydra misses you. The seven-headed hydra bites you!
You die...

### ### ##..P##.##
#.###.####........##
###.#...............##
#......####©###......#
#..#####. ###.##...#.##
##..#..(.# ../..##.....#
#..##...#. .#....#..#.##
##.#...W..#..##..#..P.####
#..#..##FD@.F#..©#.....#.##
#..#.....#Dy...#.##...<....
##.##.##.l[###....#........
##..#yF..([!$.#..##........
#...##..##### ###.........
##...####.©.####...........
###.......................
###..#P....####.##+.P...
########.#..#### ####.....#


You could see a seven-headed hydra (berserk), a four-headed hydra (berserk), a
moth of wrath, a basilisk, a blink frog, a bullfrog and Aretou's ghost.

Vanquished Creatures
  A boulder beetle (Lair:1)
  Erica (Lair:1)
  Nergalle (Lair:1)
  Amaemon (Lair:1)
  2 black mambas
  An orange demon (Lair:1)
  A gargoyle (D:10)
  6 elephants
  A kobold demonologist (D:10)
  Maggie (D:6)
  3 cane toads (Lair:3)
  7 komodo dragons
  A rime drake (Lair:3)
  A merfolk (Lair:3)
  A queen bee (D:10)
  A troll (D:10)
  4 blink frogs (Lair:3)
  A hornet (D:10)
  Sigmund (D:4)
  2 jumping spiders (Lair:3)
  2 culicivoras (Lair:3)
  34 yaks
  2 wyverns
  A wraith (D:9)
  2 basilisks (D:8)
  3 steam dragons
  Edmund (D:6)
  2 acid dragons
  6 water moccasins
  8 orc warriors
  A sky beast (D:7)
  An ogre (D:6)
  An ice beast (D:6)
  A black bear (Lair:1)
  A centaur (D:8)
  15 wolves
  3 kobold brigands
  11 bullfrogs
  2 scorpions
  A necrophage (D:6)
  9 wights
  15 killer bees
  6 howler monkeys
  2 electric eels
  A lava snake (D:10)
  4 jellies
  4 hounds
  2 orc priests
  2 gnoll boudas (D:6)
  8 orc wizards
  5 iguanas
  8 mummies (Ossuary)
  8 adders
  10 gnolls
  2 white imps
  An ufetubus (D:7)
  A worm (D:5)
  2 dart slugs
  35 orcs
  6 bats
  4 endoplasms
  3 giant cockroaches
  8 goblins
  6 hobgoblins
  7 jackals (D:3)
  3 quokkas
  A ball python (D:3)
  A frilled lizard (D:3)
  A gnoll zombie (Ossuary)
  A hobgoblin zombie (D:4)
  16 kobolds
  5 kobold zombies (Ossuary)
  2 orc zombies (Ossuary)
  2 rats
  A bush (Lair:3)
328 creatures vanquished.

Vanquished Creatures (collateral kills)
  A foxfire (D:4)
1 creature vanquished.

Vanquished Creatures (others)
  754 foxfires
  8 fungi
  23 plants
785 creatures vanquished.

Grand Total: 1114 creatures vanquished

Notes
Turn   | Place    | Note
-------+----------+-------------------------------------------
     0 | D:1      | stonewall the Deep Elf Fire Elementalist began the quest
                  | for the Orb.
     0 | D:1      | Reached XP level 1. HP: 10/10 MP: 6/6
   227 | D:1      | Reached XP level 2. HP: 7/15 MP: 0/8
   600 | D:1      | Found a faded altar of an unknown god.
   608 | D:1      | Got Plato's Almanac of Beguiling
   918 | D:1      | Reached XP level 3. HP: 10/19 MP: 5/10
  1137 | D:1      | Learned a level 2 spell: Scorch
  1141 | D:1      | Learned a level 3 spell: Kindle Blastsparks
  2120 | D:3      | Reached skill level 4 in Spellcasting
  2355 | D:3      | Reached XP level 4. HP: 24/24 MP: 10/12
  2477 | D:3      | Identified the +1 ring mail of the Villain {Rampage rN+}
  2744 | D:4      | Found a glowing golden altar of the Shining One.
  2805 | D:4      | Reached skill level 1 in Short Blades
  2908 | D:4      | Found a sand-covered staircase.
  2919 | Ossuary  | Entered an ossuary
  3283 | Ossuary  | Reached XP level 5. HP: 28/28 MP: 7/13
  3767 | D:4      | Reached XP level 6. HP: 29/32 MP: 10/15
  3806 | D:4      | Noticed Sigmund
  3831 | D:4      | Killed Sigmund
  3832 | D:4      | Reached skill level 5 in Spellcasting
  3832 | D:4      | Reached skill level 5 in Fire Magic
  4462 | D:4      | Reached XP level 7. HP: 36/36 MP: 10/17
  4463 | D:4      | Reached skill level 6 in Spellcasting
  4652 | D:4      | Learned a level 4 spell: Flame Wave
  4653 | D:5      | Entered Level 5 of the Dungeon
  4894 | D:5      | Identified the +3 robe of the Garden {rN+ Will+ Int+4}
  5004 | D:5      | Reached skill level 1 in Shields
  5386 | D:5      | Reached XP level 8. HP: 41/41 MP: 16/20
  5500 | D:5      | Learned a level 3 spell: Swiftness
  5567 | D:6      | Noticed Edmund
  5593 | D:6      | Killed Edmund
  5594 | D:6      | Reached skill level 5 in Stealth
  5594 | D:6      | Reached skill level 7 in Spellcasting
  5594 | D:6      | Reached skill level 5 in Conjurations
  5813 | D:6      | Found a blossoming altar of Fedhas.
  5813 | D:6      | Found a radiant altar of Vehumet.
  6206 | D:6      | Reached skill level 8 in Spellcasting
  6359 | D:6      | Learned a level 4 spell: Sticky Flame
  6480 | D:6      | Noticed Maggie
  6746 | D:6      | Killed Maggie
  6747 | D:6      | Reached XP level 9. HP: 45/45 MP: 15/23
  6889 | D:7      | Found a white marble altar of Elyvilon.
  7000 | D:6      | Became a worshipper of Vehumet
  7767 | D:7      | Reached skill level 1 in Fighting
  7936 | D:7      | Reached * piety under Vehumet
  7936 | D:7      | Offered knowledge of Magic Dart by Vehumet.
  8113 | D:7      | Found a staircase to the Ecumenical Temple.
  8368 | D:8      | Reached skill level 5 in Dodging
  8368 | D:8      | Reached skill level 5 in Shields
  8777 | D:8      | Reached XP level 10. HP: 56/56 MP: 20/24
  8915 | D:8      | Found an ornate altar of the Wu Jian Council.
  9356 | D:8      | Found a staircase to the Lair.
  9522 | D:8      | Found Qas Ciar's Assorted Antiques.
  9542 | D:8      | Bought a crude robe for 176 gold pieces
  9542 | D:8      | Identified the +2 robe of Summertime {rF+ Will+} (You
                  | bought it in a shop on level 8 of the Dungeon)
  9645 | D:8      | Identified a scroll of acquirement
  9645 | D:8      | Acquired the ring of Wiefoll {Int+6 Slay+2}
  9731 | D:8      | Found a burning altar of Makhleb.
  9845 | D:9      | Offered knowledge of Poisonous Vapours by Vehumet.
  9850 | D:9      | Found a staircase to the Orcish Mines.
  9852 | D:9      | Reached ** piety under Vehumet
  9965 | D:9      | Reached skill level 5 in Fighting
 10243 | D:9      | Found a broken altar of Ashenzari.
 10243 | D:9      | Found a shimmering altar of Xom.
 10772 | D:9      | Offered knowledge of Ignite Poison by Vehumet.
 11128 | D:10     | Entered Level 10 of the Dungeon
 11135 | D:10     | Found an opulent altar of Gozag.
 11171 | D:10     | Reached XP level 11. HP: 62/65 MP: 16/25
 11245 | D:10     | Reached skill level 9 in Spellcasting
 11251 | D:10     | Reached *** piety under Vehumet
 11387 | D:10     | Learned a level 2 spell: Blink
 11392 | D:10     | Learned a level 4 spell: Airstrike
 11412 | D:10     | Reached skill level 1 in Air Magic
 11899 | D:10     | Offered knowledge of Fulminant Prism by Vehumet.
 12138 | Lair:1   | Entered Level 1 of the Lair of Beasts
 12186 | Lair:1   | Noticed Amaemon
 12408 | Lair:1   | Noticed a boulder beetle
 12413 | Lair:1   | Reached skill level 5 in Air Magic
 12432 | Lair:1   | Killed a boulder beetle
 12486 | Lair:1   | Killed Amaemon
 12712 | Lair:1   | Noticed Erica
 12723 | Lair:1   | Killed Erica
 12733 | Lair:1   | Noticed Nergalle
 12739 | Lair:1   | Reached **** piety under Vehumet
 12741 | Lair:1   | Reached XP level 12. HP: 58/71 MP: 18/27
 12748 | Lair:1   | Offered knowledge of Olgreb's Toxic Radiance by Vehumet.
 12752 | Lair:1   | Killed Nergalle
 12756 | Lair:1   | Reached skill level 10 in Air Magic
 13474 | Lair:2   | Reached skill level 10 in Spellcasting
 13574 | Lair:2   | Reached skill level 11 in Spellcasting
 13849 | Lair:3   | Reached skill level 12 in Spellcasting
 14010 | Lair:3   | Found a transporter.
 14016 | Lair:3   | Noticed a seven-headed hydra
 14034 | Lair:3   | Noticed Aretou's ghost (journeyman TrHW)
 14050 | Lair:3   | Found a transporter.
 14347 | Lair:3   | Reached skill level 13 in Spellcasting
 14500 | Lair:3   | Learned a level 4 spell: Dispel Undead
 14564 | Lair:3   | Found a hole to the Spider Nest.
 14699 | Lair:3   | Found a staircase to the Shoals.
 14866 | Lair:3   | Noticed a four-headed hydra
 14870 | Lair:3   | Mangled by a seven-headed hydra

Illustrated notes

Levels and vault maps discovered:
D:1:      psy_arrival_dodecagon, layout_basic,
          shapermc_ecumenical_altar_rom_forum
D:2:      layout_basic, minmay_misc_feat_five
D:3:      layout_loops_cross
D:4:      layout_loops_ring, mainiacjoe_overflow_small_starburst,
          enter_ossuary_3, minmay_misc_feat_roman, minmay_circle_x, uniq_sigmund
D:5:      layout_basic
D:6:      cheibrodos_quashed, layout_basic, nicolae_overflow_two_pavilions,
          nicolae_sextant, grunt_decor_cap, uniq_edmund, uniq_maggie
D:7:      layout_basic, elyvilon_altar_4, temple_doors_e, serial_corexii_hall,
          corexii_hall_statues_x, chequers_hall_statues_y,
          chequers_hall_statues_corner_a, corexii_hall_statues_t,
          kennysheep_cluttered_room, dk_noncrumbling_2
D:8:      layout_cave_pools, mainiacjoe_overflow_tiny_flanked,
          lemuel_round_altar, erik_lair_dragon, serial_shops,
          kennysheep_little_box, nicolae_concentric_dashed_squares_mild
D:9:      layout_loops_ring, gammafunk_temple_overflow_pools, david_orc_5
D:10:     layout_rooms, grunt_gozag_breadcrumbs, nicolae_lava_and_water,
          nicolae_looking_at_the_future
Lair:1:   layout_regular_city, serial_bayou_pond_c, serial_bayou_shore_b,
          uniq_amaemon, uniq_erica, uniq_nergalle
Lair:2:   layout_roguey, serial_bayou_lagoon_a
Lair:3:   layout_roguey, elwin_shoals_entry_rooms, spider_nest_entry_funnel_web,
          gammafunk_ghost_berserking_beasts

Skill      XL: |  1  2  3  4  5  6  7  8  9 10 11 12 |
---------------+-------------------------------------+-----
Fire Magic     | 4 5 6 7 8 |  8.5
Spellcasting   | 4 5 6 8 9 13 | 13.7
Conjurations   | 2 3 4 6 7 |  7.0
Short Blades   | 1 |  1.7
Stealth        | 3 4 5 |  5.0
Shields        | 1 3 5 |  5.0
Fighting       | 3 6 |  6.5
Dodging        | 5 9 |  9.8
Air Magic      | 9 10 | 10.1

Action                   |  1- 3 |  4- 6 |  7- 9 | 10-12 || total
-------------------------+-------+-------+-------+-------++-------
Melee: Unarmed           |     1 |       |       |       ||     1
       Short sword       |    30 |    14 |    27 |    74 ||   145
       Spear             |     1 |       |       |       ||     1
       Punch             |       |     1 |       |       ||     1
       Flail             |       |       |     1 |       ||     1
       Staff             |       |       |       |     2 ||     2
 Cast: Foxfire           |    78 |   121 |   263 |     8 ||   470
       Scorch            |     1 |     2 |    26 |    22 ||    51
       Sticky Flame      |       |       |     7 |    75 ||    82
       Flame Wave        |       |       |     1 |    44 ||    45
       Airstrike         |       |       |       |    12 ||    12
Evoke: Wand              |       |       |     2 |    22 ||    24
  Use: Scroll            |     4 |     3 |     4 |    11 ||    22
       Potion            |       |       |       |     2 ||     2
 Stab: Sleeping          |       |       |       |     1 ||     1
Armor: Robe              |    14 |     3 |    37 |    82 ||   136
       Skin              |       |       |     1 |       ||     1
Dodge: Dodged            |    43 |     9 |    49 |   188 ||   289
Block: Buckler           |       |       |    36 |   104 ||   140

Table legend: (Time is in decaauts)
 A = Elapsed time spent in this place.
 B = Non-inter-level travel time spent in this place.
 C = Inter-level travel time spent in this place.
 D = Time resting spent in this place.
 E = Time spent auto-exploring this place.
 F = Levels seen in this place.
 G = Mean time per level.
                   A        B        C        D        E       F      G
               +--------+--------+--------+--------+--------+-----+--------+
         Total |  14889 |  14481 |    408 |   1009 |  11197 |  14 | 1063.5 |
       Dungeon |  11420 |  11036 |    384 |    464 |   8880 |  10 | 1142.0 |
          Lair |   2702 |   2678 |     24 |    200 |   2050 |   3 |  900.7 |
       Ossuary |    767 |    767 |      0 |    345 |    267 |   1 |  767.0 |
               +--------+--------+--------+--------+--------+-----+--------+

Top non-repeatable levels by time:
     D:8: 1578 daAuts
     D:7: 1521 daAuts
     D:6: 1400 daAuts
  Lair:3: 1295 daAuts
  Lair:1: 1274 daAuts
     D:9: 1226 daAuts
     D:1: 1144 daAuts
     D:4: 1139 daAuts
    D:10: 945 daAuts
     D:5: 879 daAuts
     D:2: 840 daAuts
 Ossuary: 767 daAuts
     D:3: 743 daAuts
  Lair:2: 132 daAuts
